 Dungeon Crawl Stone Soup version 0.25-a0-38-g099c3e1 (webtiles) character file.

Game seed: 6245943157713473440, levelgen mode: deterministic

17091 BoppinsLewinski the Grappler (level 12, 0/154 HPs)
             Began as a Centaur Monk on Oct 21, 2019.
             Was a High Priest of Trog.
             Slain by a wolf spider (14 damage)
             ... on level 2 of the Lair of Beasts.
             The game lasted 00:26:14 (12674 turns).

BoppinsLewinski the Grappler (Centaur Monk)        Turns: 12674, Time: 00:26:14

Health: 0/154      AC: 13    Str: 26    XL:     12   Next: 15%
Magic:  16/16      EV:  7    Int:  9    God:    Trog [*****.]
Gold:   809        SH:  4    Dex: 12    Spells: 11/11 levels left

rFire    . . .     SeeInvis .     - Unarmed
rCold    + . .     Gourm    .   (no shield)
rNeg     + . .     Faith    .   h - +0 plate armour
rPois    +         Spirit   .   A - +0 helmet
rElec    .         Reflect  +   (no cloak)
rCorr    .         Harm     .   c - +0 pair of gloves
MR       .....                  (no barding)
Stlth    ..........             i - +4 amulet of reflection
HPRegen  0.35/turn              g - +2 ring of slaying
MPRegen  0.15/turn              o - ring of positive energy

@: berserking, lethally poisoned (0 -> -16), very quick
A: large, hooves 3, cold resistance 1, deformed body, speed 2, poison
resistance, strong 1, tough skin 3
a: Berserk, Trog's Hand, Brothers in Arms, Renounce Religion


You were on level 2 of the Lair of Beasts.
You worshipped Trog.
Trog was extremely pleased with you.
You were near starving.

You visited 2 branches of the dungeon, and saw 12 of its levels.
You also visited: Ossuary.

You collected 809 gold pieces.

Inventory:

Missiles
 u - 27 boomerangs
 N - a throwing net
 O - 2 javelins (quivered)
Armour
 c - a +0 pair of gloves (worn)
 h - a +0 plate armour (worn)
 A - a +0 helmet (worn)
Jewellery
 f - the ring "Effumnyr" {rPois MR+ Int+2 Stlth+, unknown}
   (You found it on level 1 of the Lair of Beasts)

   [ring of protection from magic]

   It affects your intelligence (+2).
   It protects you from poison.
   It affects your resistance to hostile enchantments.
   It makes you more stealthy.
 g - a +2 ring of slaying (left hand)
 i - a +4 amulet of reflection (around neck)
 o - a ring of positive energy (right hand)
Wands
 e - a wand of digging (7)
 y - a wand of iceblast (7)
 P - a wand of random effects (10)
Scrolls
 q - 2 scrolls of immolation {unknown}
 s - 3 scrolls of fear {unknown}
 t - 4 scrolls of teleportation
 v - 4 scrolls of remove curse
 w - 2 scrolls of acquirement {unknown}
 x - a scroll of noise {unknown}
 B - 3 scrolls of vulnerability {unknown}
 C - 4 scrolls of blinking {unknown}
 D - 2 scrolls of enchant weapon {unknown}
 H - 2 scrolls of fog {unknown}
 I - 2 scrolls of amnesia {unknown}
 J - a scroll of random uselessness {unknown}
 K - 3 scrolls of identify
Potions
 a - a potion of haste
 d - a potion of agility
 j - 2 potions of ambrosia
 k - a potion of degeneration {unknown}
 l - 4 potions of cancellation {unknown}
 m - 4 potions of brilliance {unknown}
 n - a potion of might {unknown}
 p - 4 potions of curing {unknown}
 r - a potion of magic {unknown}
 z - 3 potions of heal wounds
 E - a potion of invisibility {unknown}
 F - 2 potions of lignification
 G - 4 potions of mutation
 Q - a potion of berserk rage {unknown}
Miscellaneous
 L - a lamp of fire (inert)
 M - a fan of gales
Comestibles
 b - 20 rations


   Skills:
 + Level 8.4 Fighting
 + Level 8.2 Throwing
 + Level 5.8 Armour
 + Level 6.3 Dodging
 - Level 1.1 Stealth
 * Level 11.3 Unarmed Combat
 + Level 6.3 Evocations


You had 11 spell levels left.
You didn't know any spells.
Your spell library was empty.

Dungeon Overview and Level Annotations

Branches:
Dungeon (10/15)            Temple (0/1) D:7            Lair (2/6) D:10
 Spider (0/4) Lair:2      Ossuary (visited)
  Swamp: Lair:2-4    Shoals: Lair:2-4       Orc: D:9-12

Altars:
Cheibriados
Nemelex Xobeh
Trog

Shops:
D:6 !


Innate Abilities, Weirdness & Mutations

You have hooves in place of feet.
Armour fits poorly on your strangely shaped body.
You cover ground very quickly.
You have extremely tough skin. (AC +3)
Your flesh is cold resistant. (rC+)
Your system is resistant to poisons. (rPois)
Your muscles are strong. (Str +2)


Message History

* * * LOW HITPOINT WARNIN'
* * * Unknown command.
Ye barely miss tha wolf spider.
Ye kick tha wolf spider!
Ye kill tha wolf spider!
Trog accepts yer kill.
Ye feel sick.
Ye block tha jumpin' spider's attack.
Tha jumpin' spider bites ye but does nay damage.
Unknown command.
Ye pummel tha jumpin' spider!!
Ye kick tha jumpin' spider.
Ye kill tha jumpin' spider!
Trog accepts yer kill.
Ye feel sick.
Tha wolf spider hits ye but does nay damage.
Tha wolf spider bites ye.
* * * LOW HITPOINT WARNIN'
* * * Ye pummel tha wolf spider!!
Ye kick tha wolf spider!!
Tha wolf spider be severely wounded.
* * * LOW HITPOINT WARNIN'
* * * Ye feel sick.
Tha wolf spider hits ye!
Ye die...

♣≈...................#
♣≈.................###
≈≈.................#
...................##
.......##.#.........#
.).....#*#.........##
........###.......##
................##.#
..........#.#..#@###
####.#...####..s##
####P..P##....#*##
#P............##.#
*#.#....##....#.##
#..#.......[....#
#...............##
#....###.#.......#
***#######.##......##


You could see a wolf spider.

Vanquished Creatures
  3 hydras
  A two-headed ogre (D:7)
  3 death yaks (D:10)
  Nergalle (Lair:1)
  2 wolf spiders (Lair:2)
  A salamander (Lair:2)
  A cyclops (D:9)
  A spiny frog (Lair:2)
  A jumping spider (Lair:2)
  2 trolls
  A hippogriff (D:9)
  A wraith (D:10)
  2 wyverns
  5 yaks (Lair:2)
  4 hungry ghosts
  A basilisk (Lair:1)
  Grum (D:7)
  6 porcupines
  A sky beast (D:9)
  3 ice beasts
  An eye of draining (D:3)
  6 orc warriors
  3 phantoms
  6 ogres
  6 wolves
  3 centaurs
  5 crocodiles
  A big kobold (D:9)
  12 bullfrogs
  2 gnoll sergeants
  A water moccasin zombie (Ossuary)
  4 scorpions
  9 wights
  An electric eel (Lair:2)
  2 bullfrog zombies
  2 howler monkeys
  3 crimson imps
  6 jellies
  10 hounds
  2 gnoll shamans (D:7)
  5 orc priests
  3 centaur skeletons
  Jessica (D:3)
  Ijyb (D:4)
  An iguana (D:8)
  8 orc wizards
  3 hell rats (D:10)
  6 worker ants
  A killer bee zombie (D:6)
  A big kobold zombie (Ossuary)
  A hound zombie (D:8)
  2 mummies (Ossuary)
  16 gnolls
  2 river rats (D:10)
  10 adders
  A shadow imp (D:8)
  9 oozes
  4 adder zombies (Ossuary)
  3 adder skeletons
  A worm (D:4)
  A dart slug (D:1)
  7 leopard geckos
  54 orcs
  5 bats
  5 giant cockroaches
  A gnoll zombie (Ossuary)
  5 goblins
  4 hobgoblins
  2 jackals (D:7)
  5 quokkas
  3 ball pythons
  7 frilled lizards
  3 hobgoblin zombies (Ossuary)
  A jackal zombie (D:6)
  9 kobolds
  8 kobold zombies (Ossuary)
  A leopard gecko skeleton (D:4)
  5 orc zombies (Ossuary)
  A quokka skeleton (D:9)
  A quokka zombie (D:7)
  7 rats
340 creatures vanquished.

Vanquished Creatures (others)
  A fungus (Lair:2)
  A plant (Lair:2)
2 creatures vanquished.

Grand Total: 342 creatures vanquished

Notes
Turn   | Place    | Note
-------+----------+-------------------------------------------
     0 | D:1      | BoppinsLewinski the Centaur Monk began the quest for the
                  | Orb.
     0 | D:1      | Reached XP level 1. HP: 19/19 MP: 1/1
   413 | D:1      | Reached XP level 2. HP: 24/26 MP: 2/2
   723 | D:2      | Found a snail-covered altar of Cheibriados.
   928 | D:2      | Reached XP level 3. HP: 22/31 MP: 3/3
  1250 | D:3      | Gained mutation: Your system is resistant to poisons.
                  | (rPois) [potion of mutation]
  1250 | D:3      | Gained mutation: Your flesh is cold resistant. (rC+)
                  | [potion of mutation]
  1250 | D:3      | Gained mutation: Your muscles are strong. (Str +2) [potion
                  | of mutation]
  1259 | D:3      | Reached skill level 1 in Armour
  1263 | D:3      | Reached XP level 4. HP: 38/38 MP: 4/4
  1272 | D:3      | Reached skill level 4 in Unarmed Combat
  1277 | D:3      | Reached XP level 5. HP: 38/46 MP: 5/5
  1540 | D:3      | Noticed Jessica
  1549 | D:3      | Killed Jessica
  1851 | D:3      | Found a bloodstained altar of Trog.
  1851 | D:3      | Noticed an eye of draining
  1873 | D:3      | Killed an eye of draining
  1873 | D:3      | Reached skill level 1 in Throwing
  1873 | D:3      | Reached skill level 5 in Unarmed Combat
  1873 | D:3      | Reached XP level 6. HP: 48/52 MP: 0/6
  1902 | D:3      | Became a worshipper of Trog the Wrathful
  1902 | D:3      | Reached * piety under Trog
  1902 | D:3      | Reached ** piety under Trog
  2506 | D:4      | Noticed Ijyb
  2524 | D:4      | Killed Ijyb
  2732 | D:4      | Reached XP level 7. HP: 57/60 MP: 7/7
  2752 | D:4      | Found a sparkling altar of Nemelex Xobeh.
  3020 | D:5      | Entered Level 5 of the Dungeon
  3400 | D:5      | Reached skill level 6 in Unarmed Combat
  3400 | D:5      | Reached skill level 1 in Evocations
  3943 | D:6      | Found Otosail's Distillery.
  3962 | D:6      | Reached XP level 8. HP: 45/67 MP: 9/9
  4137 | D:6      | Reached skill level 5 in Fighting
  4156 | D:6      | Reached *** piety under Trog
  4451 | D:6      | Reached skill level 7 in Unarmed Combat
  4869 | D:6      | Reached XP level 9. HP: 74/74 MP: 9/11
  5070 | D:7      | Found a sand-covered staircase.
  5082 | Ossuary  | Entered an ossuary
  5171 | Ossuary  | Reached **** piety under Trog
  5246 | D:7      | Noticed a two-headed ogre
  5854 | D:7      | Found a staircase to the Ecumenical Temple.
  6006 | D:7      | Killed a two-headed ogre
  6006 | D:7      | Reached skill level 5 in Throwing
  6006 | D:7      | Reached skill level 8 in Unarmed Combat
  6204 | D:7      | Noticed Grum
  6213 | D:7      | Killed Grum
  6498 | D:7      | Received a gift from Trog
  6498 | D:7      | Reached XP level 10. HP: 60/84 MP: 12/12
  7382 | D:8      | Got a warped lead ring
  7673 | D:8      | Reached skill level 5 in Dodging
  7695 | D:8      | Reached skill level 9 in Unarmed Combat
  7798 | D:8      | Reached ***** piety under Trog
  7849 | D:9      | Noticed a cyclops
  7851 | D:9      | Killed a cyclops
  9016 | D:9      | Reached skill level 5 in Evocations
  9117 | D:9      | Identified the ring of Autumn {-Tele rN+++ rCorr Int+10}
                  | (You found it on level 8 of the Dungeon)
  9135 | D:10     | Entered Level 10 of the Dungeon
  9416 | D:10     | Reached XP level 11. HP: 66/92 MP: 14/14
 10004 | D:10     | Found a staircase to the Lair.
 10004 | D:10     | Noticed a death yak
 10004 | D:10     | Noticed a death yak
 10006 | D:10     | Noticed a death yak
 10015 | D:10     | Killed a death yak
 10015 | D:10     | Received a gift from Trog
 10015 | D:10     | Reached skill level 5 in Armour
 10015 | D:10     | Reached skill level 10 in Unarmed Combat
 10024 | D:10     | Killed a death yak
 10031 | D:10     | Killed a death yak
 10626 | Lair:1   | Entered Level 1 of the Lair of Beasts
 10673 | Lair:1   | Received a gift from Trog
 10715 | Lair:1   | Noticed Nergalle
 10722 | Lair:1   | Noticed a spectral orc warlord
 10732 | Lair:1   | Killed Nergalle
 10845 | Lair:1   | You fall into a shaft and drop 1 floor!
 10914 | Lair:1   | Got a wavering copper ring
 10921 | Lair:1   | Noticed a four-headed hydra
 10937 | Lair:1   | Killed a four-headed hydra
 11284 | Lair:1   | Noticed a six-headed hydra
 11293 | Lair:1   | Killed a six-headed hydra
 12169 | Lair:2   | Reached skill level 11 in Unarmed Combat
 12572 | Lair:2   | Reached XP level 12. HP: 94/102 MP: 16/16
 12583 | Lair:2   | Noticed a four-headed hydra
 12588 | Lair:2   | Killed a four-headed hydra
 12648 | Lair:2   | Found a hole to the Spider Nest.
 12674 | Lair:2   | Slain by a wolf spider

Levels and vault maps discovered:
D:1:      lightli_arrival_windingriver, layout_basic
D:2:      layout_rooms, cheibriados_altar_1
D:3:      layout_rooms, trog_eyes_of_draining, first_ration,
          uniq_crazy_yiuf_cottage, uniq_jessica
D:4:      layout_gridville, kennysheep_donut, nemelex_lonely_heart_becter,
          uniq_ijyb
D:5:      layout_loops_ring
D:6:      layout_cave_pools, serial_shops, shop
D:7:      layout_cave_pools, minmay_temple_entry_purple_smoke,
          lightli_ossuary_entry_decrepit_ruins, serial_gnoll_camp,
          gnoll_camp_mini_hut, gnoll_camp_medium_02, grums_kennel,
          gnoll_camp_mini_hut, minmay_crossroads
D:8:      layout_gridville, special_room [special_room_orc]
D:9:      layout_irregular_city, uniq_grum
D:10:     layout_basic, dpeg_lair_monsters, hangedman_little_slice_of_home
Lair:1:   layout_cave_pods, uniq_nergalle
Lair:2:   layout_gridlike, spider_nest_entry_funnel_web

Skill      XL: |  1  2  3  4  5  6  7  8  9 10 11 12 |
---------------+-------------------------------------+-----
Armour         | 1 2 3 4 5 |  5.8
Unarmed Combat | 4 5 6 7 8 9 11 | 11.3
Fighting       | 4 5 6 7 8 |  8.4
Throwing       | 1 3 4 5 6 7 8 |  8.2
Dodging        | 3 4 5 6 |  6.3
Evocations     | 1 2 3 5 6 |  6.3
Stealth        | |  1.1

Action                   |  1- 3 |  4- 6 |  7- 9 | 10-12 || total
-------------------------+-------+-------+-------+-------++-------
Melee: Unarmed           |    61 |   147 |   295 |   467 ||   970
       Kick              |     9 |    34 |    83 |   154 ||   280
       Punch             |     1 |       |     9 |    16 ||    26
Throw: Throwing net      |       |     2 |     5 |     5 ||    12
       Boomerang         |       |       |       |    51 ||    51
       Javelin           |       |       |       |     6 ||     6
Invok: Berserk           |       |       |     3 |     8 ||    11
       Trog's Hand       |       |       |     1 |     4 ||     5
Evoke: Wand              |       |       |     9 |     9 ||    18
       Lamp of fire      |       |       |       |     1 ||     1
  Use: Potion            |     2 |       |     1 |     2 ||     5
       Scroll            |       |       |     8 |     3 ||    11
  Eat: Chunk             |       |     3 |    10 |    10 ||    23
       Ration            |       |       |     1 |     7 ||     8
Armor: Robe              |     6 |       |       |       ||     6
       Leather armour    |     1 |       |       |       ||     1
       Skin              |     4 |    16 |     1 |       ||    21
       Ring mail         |       |     9 |       |       ||     9
       Plate armour      |       |    50 |   177 |   230 ||   457
Dodge: Dodged            |    22 |    30 |    60 |   104 ||   216
Block: Other             |       |       |    12 |    72 ||    84
       Reflection        |       |       |     1 |     4 ||     5

Table legend:
 A = Non-vault XP
 B = Vault XP
 C = Vault XP percentage of total XP
 D = Non-vault monster count
 E = Vault monster count
 F = Vault count percentage of total count
                 A         B        C        D         E       F
            +---------+---------+-------+---------+---------+-------
      Total |   17004 |    7412 |  30.4 |     236 |     104 |  30.6
            +---------+---------+-------+---------+---------+-------
        D:1 |      25 |       0 |   0.0 |      13 |       0 |   0.0
        D:2 |      20 |       0 |   0.0 |       9 |       0 |   0.0
        D:3 |     246 |     173 |  41.3 |      29 |       4 |  12.1
        D:4 |     274 |      36 |  11.6 |      20 |       1 |   4.8
        D:5 |     615 |       0 |   0.0 |      17 |       0 |   0.0
        D:6 |    1505 |       0 |   0.0 |      33 |       0 |   0.0
        D:7 |    1866 |     980 |  34.4 |      17 |      25 |  59.5
        D:8 |     799 |     505 |  38.7 |      18 |      26 |  59.1
        D:9 |    3337 |       0 |   0.0 |      34 |       0 |   0.0
       D:10 |    1265 |    3307 |  72.3 |      17 |      19 |  52.8
     Lair:1 |    2710 |     792 |  22.6 |       8 |       1 |  11.1
     Lair:2 |    4342 |    1439 |  24.9 |      21 |       3 |  12.5
    Ossuary |       0 |     180 | 100.0 |       0 |      25 | 100.0
            +---------+---------+-------+---------+---------+-------
